 Dungeon Crawl Stone Soup version 0.26-a0-540-g8a0c9464d7 (webtiles) character file.

Game seed: 8852181198021371033

91745 Inarius the Severer (level 15, -3/117 HPs)
             Began as a Mummy Wanderer on Aug 23, 2020.
             Was the Champion of Okawaru.
             Slain by a spriggan berserker
             ... wielding a +0 quarterstaff
              (25 damage)
             ... on level 15 of the Dungeon.
             The game lasted 00:51:00 (32757 turns).

Inarius the Severer (Mummy Wanderer)               Turns: 32757, Time: 00:51:01

Health: -3/117     AC: 28    Str: 32    XL:     15   Next: 55%
Magic:  18/18      EV: 13    Int:  7    God:    Okawaru [******]
Gold:   1079       SH:  5    Dex: 13    Spells: 14/14 levels left

rFire    . . .     SeeInvis +   s - +9 broad axe (vorpal)
rCold    + . .     Faith    +   E - +1 buckler {reflect}
rNeg     + + +     Spirit   .   S - +4 chain mail {rN+}
rPois    ∞         Reflect  +   L - +3 helmet "Cecit" {rElec MR+ rCorr}
rElec    +         Harm     .   r - +2 cloak
rCorr    +                      K - +0 pair of gloves
MR       ++...                  N - +2 pair of boots {Stlth+}
Stlth    +.........             l - amulet of the Two Names {Faith SInv Stlth+}
HPRegen  0.29/turn              J - ring of Gozag's Displeasure {rElec rF+ Str+3}
MPRegen  0.16/turn              p - ring of Unuad {+Fly EV+4 Str+7 Int-3 Stlth+}

@: studying Armour
A: no potions, fire vulnerability, cold resistance 1, negative energy resistance
3, torment resistance, unbreathing, in touch with death 1
a: Heroism, Finesse, Renounce Religion, Evoke Flight


You were on level 15 of the Dungeon.
You worshipped Okawaru.
Okawaru was exalted by your worship.
You visited 4 branches of the dungeon, and saw 24 of its levels.
You also visited: Ossuary, Bailey, Ice Cave and Volcano.

You collected 2539 gold pieces.
You spent 1460 gold pieces at shops.

Inventory:

Hand Weapons
 s - a +9 vorpal broad axe (weapon)
 M - a +3 broad axe of flaming
 O - a +6 battleaxe of freezing
Missiles
 j - 13 javelins (quivered)
 G - 5 silver javelins
Armour
 e - the +2 scale mail of the Equinox {Str+2 Int+5 Dex-2}
   (You found it on level 5 of the Dungeon)

   It affects your strength (+2).
   It affects your intelligence (+5).
   It affects your dexterity (-2).
 g - a +0 ring mail of fire resistance
 r - a +2 cloak (worn)
 E - a +1 buckler of reflection (worn)
 K - a +0 pair of gloves (worn)
 L - the +3 helmet "Cecit" (worn) {rElec MR+ rCorr}
   (Okawaru gifted it to you on level 3 of the Lair of Beasts)

   It insulates you from electricity.
   It affects your resistance to hostile enchantments.
   It provides partial protection from all sources of acid and corrosion.
 N - a +2 pair of boots of stealth (worn)
 S - a +4 chain mail of positive energy (worn)
Jewellery
 k - a +4 ring of protection
 l - the amulet of the Two Names (around neck) {Faith SInv Stlth+}
   (You found it on level 2 of the Lair of Beasts)

   [amulet of faith]

   It allows you to gain divine favour quickly.
   It lets you see invisible.
   It makes you more stealthy.
 p - the ring of Unuad (right hand) {+Fly EV+4 Str+7 Int-3 Stlth+}
   (You found it on level 2 of the Lair of Beasts)

   [ring of evasion]

   It affects your evasion (+4).
   It affects your strength (+7).
   It affects your intelligence (-3).
   It lets you fly.
   It makes you more stealthy.
 q - a +4 ring of protection
 t - an uncursed ring of protection from cold
 J - the ring of Gozag's Displeasure (left hand) {rElec rF+ Str+3}
   (You took it off a tengu reaver on level 13 of the Dungeon)

   [ring of protection from fire]

   It affects your strength (+3).
   It protects you from fire.
   It insulates you from electricity.
 P - an uncursed ring of protection from cold
 Q - a +6 ring of strength
 T - the ring of Eczaluiz {rF+ Stlth+}
   (You found it on level 13 of the Dungeon)

   [ring of stealth]

   It protects you from fire.
   It makes you more stealthy.
Wands
 f - a wand of enslavement (7)
 v - a wand of disintegration (36)
 w - a wand of paralysis (3)
 B - a wand of polymorph (30)
 C - a wand of flame (84)
 D - a wand of digging (1)
 F - a wand of iceblast (12)
 H - a wand of random effects (37)
 I - a wand of acid (1)
Scrolls
 b - 3 scrolls of noise
 c - 8 scrolls of teleportation
 h - 9 scrolls of remove curse
 i - 11 scrolls of blinking
 n - 5 scrolls of immolation
 o - 2 scrolls of vulnerability
 u - 3 scrolls of fog
 x - 2 scrolls of enchant armour
 y - a scroll of amnesia
 z - 6 scrolls of identify
 A - 3 scrolls of summoning
 R - a scroll of torment
Books
 m - a manual of Armour
Miscellaneous
 a - a phial of floods (inert)
 d - a lightning rod (4/4)


   Skills:
 + Level 10.7 Fighting
   Level 2.4 Long Blades
 * Level 15.4 Axes
   Level 6.5 Staves
   Level 1.0 Bows
 - Level 1.7 Throwing
 * Level 10.7 Armour
 - Level 1.0 Dodging
 - Level 0.1 Stealth
 * Level 2.1 Shields
 + Level 5.2 Invocations
 * Level 7.8 Evocations


You had 14 spell levels left.
You didn't know any spells.
Your spell library contained the following spells:

 Spells                   Type           Power        Failure   Level
 Corona                   Hex            #......      91%         1
 Foxfire                  Conj/Fire      #...         91%         1
 Magic Dart               Conj           #...         91%         1
 Sandblast                Erth           #.....       91%         1
 Shock                    Conj/Air       #...         91%         1
 Summon Small Mammal      Summ           #...         91%         1
 Blink                    Tloc           N/A          97%         2
 Call Imp                 Summ           #.......     97%         2
 Corpse Rot               Necr/Air       N/A          97%         2
 Ensorcelled Hibernation  Hex/Ice        #.....       97%         2
 Passwall                 Tmut/Erth      #.......     97%         2
 Poisonous Vapours        Pois/Air       #.....       97%         2
 Searing Ray              Conj           #.....       97%         2
 Slow                     Hex            #.......     97%         2
 Swiftness                Air            #.......     97%         2
 Call Canine Familiar     Summ           #.......     99%         3
 Confusing Touch          Hex            #.......     99%         3
 Conjure Flame            Conj/Fire      #.......     99%         3
 Dazzling Flash           Conj/Hex       #.....       99%         3
 Inner Flame              Hex/Fire       #.......     99%         3
 Mephitic Cloud           Conj/Pois/Air  #.......     99%         3
 Static Discharge         Conj/Air       #.......     99%         3
 Stone Arrow              Conj/Erth      #.....       99%         3
 Summon Guardian Golem    Hex/Summ       #.......     99%         3
 Tukima's Dance           Hex            #.......     99%         3
 Airstrike                Air            #.........   100%        4
 Cause Fear               Hex            #.........   100%        4
 Fulminant Prism          Conj/Hex       #.........   100%        4
 Iskenderun's Mystic Bla  Conj/Tloc      #.......     100%        4
 Petrify                  Tmut/Erth      #.......     100%        4
 Sticky Flame             Conj/Fire      #.......     100%        4
 Summon Ice Beast         Ice/Summ       #.......     100%        4
 Summon Lightning Spire   Summ/Air       #.......     100%        4
 Fireball                 Conj/Fire      #.........   100%        5
 Irradiate                Conj/Tmut      #.........   100%        5
 Lee's Rapid Deconstruct  Erth           #.........   100%        5
 Lightning Bolt           Conj/Air       #.........   100%        5
 Silence                  Hex/Air        #.........   100%        5
 Summon Demon             Summ           #.........   100%        5
 Summon Forest            Summ/Tloc      #.........   100%        5
 Summon Mana Viper        Hex/Summ       #.......     100%        5
 Yara's Violent Unravell  Hex/Tmut       #.........   100%        5
 Eringya's Noxious Bog    Tmut/Pois      #.........   100%        6
 Freezing Cloud           Conj/Ice/Air   #.........   100%        6
 Shadow Creatures         Summ           N/A          100%        6
 Summon Hydra             Summ           #.........   100%        7
 Discord                  Hex            #.........   100%        8
 Hydra Form               Tmut           Unusable     N/A         6
 Statue Form              Tmut/Erth      Unusable     N/A         6
 Dragon Form              Tmut           Unusable     N/A         7

Dungeon Overview and Level Annotations

Branches:
Dungeon (15/15)            Temple (1/1) D:4            Lair (6/6) D:8
 Shoals (0/4) Lair:2       Spider (0/4) Lair:4        Slime (0/5) Lair:6
    Orc (2/2) D:12            Elf (0/3) Orc:2        Vaults (0/5) D:14
Ossuary (visited)          Bailey (visited)           IceCv (visited)
Volcano (visited)
 Depths: D:15

Altars:
Ashenzari
Cheibriados
Dithmenos
Elyvilon
Fedhas
Gozag
Hepliaklqana
Kikubaaqudgha
Makhleb
Nemelex Xobeh
Okawaru
Qazlal
Ru
Sif Muna
Trog
Uskayaw
Vehumet
Wu Jian
Xom
Yredelemnul
Zin
The Shining One
Beogh
Jiyva
Lugonu

Shops:
D:7 ?   Orc:2 :*!?(

Portals:
Abyss: Lair:5

Annotations:
Lair:5 2 transporters, exclusion: 2 oklob plants, Graouh's ghost, journeyman MiFi
Abyss:1 Maurice


Innate Abilities, Weirdness & Mutations

You do not drink.
Your flesh is vulnerable to fire.
You are immune to poison.
Your flesh is cold resistant. (rC+)
You are immune to negative energy. (rN+++)
You are immune to unholy pain and torment.
You can survive without breathing.
You are in touch with the powers of death.


Message History

The spriggan berserker is almost dead.
You slash the elephant! You block the elephant's attack.
The elephant trunk-slaps you but does no damage.
You closely miss the spriggan berserker.
The spriggan berserker is almost dead.
You hit the elephant but do no damage.
The spriggan berserker barely misses you.
You block the elephant's attack. The elephant misses you.
You hit the spriggan berserker.
The spriggan berserker is almost dead.
You slash the elephant! You block the elephant's attack.
The elephant barely misses you.
The spriggan berserker mumbles some strange prayers to Trog.
The spriggan berserker goes berserk!
You miss the spriggan berserker.
The spriggan berserker is almost dead.
You slash the elephant! You block the elephant's attack.
The elephant misses you.
The spriggan berserker hits you with a +0 quarterstaff!!
You die...

### #.#.#..........# #..#####...
#.###.#.######.....####.## #..#
#........................# #..#
#.####################.#.# #...
#.# #.....# ###.......#.####...
#.###+#.#.# #.....))..+..).....
#.#.......# #.....).((##.##....
#.#..(..#### #.Y...)..#"..##.#..
##.#....)#..###.@i.....#...##.#..
...#....)(....##########...##.#..
.###....)#(<#.# ###...##.#..
.#.....#.##.#.# #........#..
.#.###.#.##(#.# #.####.#.#.. .#.#
#...##.#.# #.# ##..##..
.#.###.#.##.#.# #.# #....#..
.#..........#.########.# #....#.#
.##....................# #....#.#


You could see an elephant (summoned, berserk) and a spriggan berserker (berserk,
regenerating, resisting magic).

Vanquished Creatures
  Rupert (D:14)
  A tengu reaver (D:13)
  A stone giant (Orc:2)
  Nessos (D:14)
  A dire elephant (Lair:6)
  Azrael (D:13)
  Harold (Orc:1)
  A hydra (Lair:5)
  The ghost of Suoleg the Cleaver, a journeyman FoFi of Cheibriados (Lair:2)
  A catoblepas (Lair:6)
  The ghost of Wiawib the Basher, a journeyman GrFi of Trog (Lair:1)
  2 tengu warriors (D:13)
  3 centaur warriors
  Urug (D:14)
  A deep troll shaman (Lair:6)
  A deep elf knight (D:13)
  7 death yaks
  A spriggan (Lair:6)
  Sonja (D:13)
  3 skeletal warriors (D:13)
  A sun demon (Volcano)
  2 unseen horrors (D:14)
  A wizard (D:12)
  Pikel (D:5)
  A lindwurm (Lair:6)
  9 ugly things
  2 orc sorcerers
  2 orc knights
  3 manticores
  2 deep elf magi
  3 cyclopes
  2 centaur zombies
  13 elephants
  An ice statue (IceCv)
  A torpor snail (Lair:5)
  5 black mambas
  2 molten gargoyles (Volcano)
  20 cane toads
  A kobold demonologist (D:12)
  4 yaktaurs (D:15)
  2 ice devils (Lair:5)
  8 komodo dragons
  A red devil (Volcano)
  7 trolls
  2 polar bears
  4 slime creatures
  7 blink frogs
  3 hornets
  10 hippogriffs
  A slime creature (shapeshifter) (D:13)
  3 redbacks (Lair:4)
  A shadow (D:12)
  31 yaks
  A vampire (D:11)
  4 fire elementals (D:13)
  4 basilisks
  16 humans (D:14)
  A fire bat (Volcano)
  A two-headed ogre zombie (D:12)
  A soldier ant (D:11)
  10 water moccasins
  A floating eye (Lair:5)
  3 hell hounds (D:13)
  9 porcupines
  22 orc warriors
  4 sky beasts
  7 ice beasts
  5 phantoms
  2 black bears (D:9)
  An eye of draining (D:14)
  9 ogres
  26 wolves (Lair:6)
  15 centaurs
  A lemure (D:5)
  11 crocodiles
  An elf zombie (Ossuary)
  10 bullfrogs
  2 scorpions
  15 killer bees
  3 wights (D:15)
  3 howler monkeys (D:7)
  4 electric eels
  5 bullfrog zombies
  3 lava snakes (Volcano)
  2 quasits
  6 hounds
  3 jellies
  11 orc priests
  Crazy Yiuf (D:6)
  2 iron imps
  3 iguanas
  7 orc wizards
  10 worker ants
  A killer bee zombie (D:5)
  A big kobold zombie (Ossuary)
  6 ogre zombies (D:12)
  2 hound zombies (Ossuary)
  3 mummies (Ossuary)
  12 gnolls
  A howler monkey skeleton (D:5)
  11 adders
  A shadow imp (D:4)
  2 white imps
  2 ufetubi
  An ooze (D:3)
  An adder skeleton (D:9)
  9 adder zombies
  5 worms
  7 leopard geckos
  57 orcs
  6 giant cockroaches
  5 goblins
  3 hobgoblins
  6 jackals
  8 quokkas
  2 ball pythons
  A ball python zombie (D:5)
  11 bats
  4 frilled lizards
  A goblin skeleton (D:12)
  3 goblin zombies
  A hobgoblin skeleton (D:12)
  6 hobgoblin zombies
  4 jackal zombies
  20 kobolds
  2 kobold zombies (Ossuary)
  A leopard gecko skeleton (D:6)
  4 orc skeletons (D:12)
  15 orc zombies
  4 quokka zombies (Ossuary)
  4 rats
  6 rat zombies (Ossuary)
  4 fungi
675 creatures vanquished.

Vanquished Creatures (collateral kills)
  An orc warlord (D:13)
  A cane toad (Lair:3)
  2 blink frogs (Lair:3)
  A water moccasin (Lair:3)
  A worker ant (D:13)
6 creatures vanquished.

Vanquished Creatures (others)
  2 hydras
  3 death yaks (Lair:5)
  2 skeletal warriors (D:13)
  An orc knight (Orc:2)
  4 elephants (Lair:6)
  A black mamba (Lair:6)
  2 ice statues (IceCv)
  A troll (Orc:2)
  A polar bear (Lair:6)
  A hippogriff (Lair:5)
  3 yaks (Lair:6)
  A warg (Orc:1)
  A water moccasin (Lair:6)
  A phantom (D:12)
  7 orc warriors
  4 wolves (Lair:6)
  A centaur (Orc:2)
  A crocodile (Lair:6)
  An orc priest (D:12)
  An ogre zombie (D:12)
  A hound zombie (Ossuary)
  An orc (Orc:2)
  7 fungi
  8 plants
  4 toadstools (D:1)
60 creatures vanquished.

Grand Total: 741 creatures vanquished

Notes
Turn   | Place    | Note
-------+----------+-------------------------------------------
     0 | D:1      | Inarius the Mummy Wanderer began the quest for the Orb.
     0 | D:1      | Inarius set off with the following items: a +2 shortbow, 33
                  | arrows, a +0 spear, a +0 ring mail
     0 | D:1      | Reached XP level 1. HP: 16/16 MP: 1/1
   447 | D:1      | Reached XP level 2. HP: 22/23 MP: 2/2
  1547 | D:1      | Reached XP level 3. HP: 25/28 MP: 3/3
  2124 | D:2      | Noticed an ogre
  2134 | D:2      | Killed an ogre
  2134 | D:2      | Reached skill level 1 in Axes
  2134 | D:2      | Reached XP level 4. HP: 20/37 MP: 4/4
  2134 | D:2      | Reached XP level 5. HP: 23/42 MP: 5/5
  2535 | D:3      | Found a shimmering blue altar of Sif Muna.
  3487 | D:4      | Noticed a +0 hand axe
  3488 | D:4      | Found a hide-covered altar of Uskayaw.
  3488 | D:4      | Noticed a +0 dagger
  3573 | D:4      | Reached XP level 6. HP: 46/48 MP: 6/6
  3610 | D:4      | Found a staircase to the Ecumenical Temple.
  3669 | Temple   | Entered the Ecumenical Temple
  3827 | D:4      | Got a scorched spear
  3828 | D:4      | Identified the cursed +1 spear "Utwon" {freeze, +Blink
                  | rC+++ rN+ MP-9} (You found it on level 4 of the Dungeon)
  4074 | D:5      | Entered Level 5 of the Dungeon
  4202 | D:5      | Got a blackened scale mail
  4213 | D:5      | Identified the +2 scale mail of the Equinox {Str+2 Int+5
                  | Dex-2} (You found it on level 5 of the Dungeon)
  4402 | D:5      | Reached skill level 2 in Axes
  4662 | D:5      | Noticed Pikel
  4819 | D:5      | Killed Pikel
  4819 | D:5      | Reached skill level 5 in Fighting
  4819 | D:5      | Reached skill level 5 in Armour
  4819 | D:5      | Reached skill level 1 in Evocations
  4819 | D:5      | Reached XP level 7. HP: 4/56 MP: 7/7
  5161 | D:5      | Found a white marble altar of Elyvilon.
  5164 | D:5      | Found a shadowy altar of Dithmenos.
  5167 | D:5      | Found an iron altar of Okawaru.
  5171 | D:5      | Became a worshipper of Warmaster Okawaru
  5220 | D:5      | Found an opulent altar of Gozag.
  5355 | D:5      | Reached XP level 8. HP: 47/62 MP: 8/8
  5363 | D:5      | Reached skill level 3 in Axes
  5746 | D:6      | Found a snail-covered altar of Cheibriados.
  6135 | D:6      | Reached * piety under Okawaru
  6542 | D:6      | Found a stormy altar of Qazlal.
  6708 | D:6      | Found an ancient bone altar of Kikubaaqudgha.
  6954 | D:6      | Found a runed translucent door.
  6955 | D:6      | Noticed Crazy Yiuf
  7049 | D:6      | Found an ornate altar of the Wu Jian Council.
  7121 | D:6      | Killed Crazy Yiuf
  7291 | D:7      | Reached ** piety under Okawaru
  7292 | D:7      | Reached XP level 9. HP: 69/69 MP: 9/9
  7579 | D:7      | Reached skill level 4 in Axes
  7740 | D:7      | Reached skill level 1 in Staves
  8003 | D:7      | Found a hazy altar of Hepliaklqana.
  8133 | D:7      | Found Domm's Magic Scroll Boutique.
  8145 | D:7      | Bought a scroll of identify for 30 gold pieces
  8145 | D:7      | Bought a scroll of summoning for 142 gold pieces
  8145 | D:7      | Bought a scroll of identify for 30 gold pieces
  8145 | D:7      | Bought a scroll of identify for 30 gold pieces
  8145 | D:7      | Bought a scroll of blinking for 112 gold pieces
  8145 | D:7      | Bought a scroll of identify for 30 gold pieces
  8145 | D:7      | Bought a scroll of identify for 30 gold pieces
  8145 | D:7      | Bought a scroll of fog for 30 gold pieces
  8566 | D:8      | Found a burning altar of Makhleb.
  8653 | D:8      | Found a sand-covered staircase.
  8677 | Ossuary  | Entered an ossuary
  9057 | Ossuary  | Reached skill level 1 in Invocations
  9130 | D:8      | Found a snail-covered altar of Cheibriados.
  9173 | D:8      | Reached *** piety under Okawaru
  9667 | D:8      | Reached XP level 10. HP: 58/77 MP: 11/11
  9772 | D:8      | Noticed a death yak
  9781 | D:8      | Noticed a death yak
  9782 | D:8      | Noticed a death yak
  9852 | D:7      | Killed a death yak
  9852 | D:7      | Reached skill level 5 in Axes
 10096 | D:8      | Found a staircase to the Lair.
 10202 | D:8      | Killed a death yak
 10202 | D:8      | Reached skill level 5 in Staves
 10502 | D:8      | Killed a death yak
 10502 | D:8      | Reached **** piety under Okawaru
 10833 | D:9      | Found a glowing silver altar of Zin.
 11637 | D:9      | Found a radiant altar of Vehumet.
 11657 | D:9      | Reached ***** piety under Okawaru
 11975 | D:10     | Entered Level 10 of the Dungeon
 12141 | D:10     | Reached XP level 11. HP: 80/84 MP: 13/13
 12529 | D:10     | Reached skill level 6 in Axes
 13431 | D:11     | Received a gift from Okawaru
 14556 | D:11     | Received a gift from Okawaru
 14806 | Lair:1   | Entered Level 1 of the Lair of Beasts
 15947 | Lair:1   | Found a runed translucent gate.
 15947 | Lair:1   | Found a runed translucent gate.
 15947 | Lair:1   | Found a runed translucent gate.
 15957 | Lair:1   | Noticed Wiawib's ghost (journeyman GrFi)
 16205 | Lair:1   | Reached skill level 7 in Axes
 16352 | Lair:2   | Received a gift from Okawaru
 16732 | Lair:2   | Reached skill level 5 in Evocations
 16732 | Lair:2   | Reached XP level 12. HP: 91/94 MP: 12/15
 16737 | Lair:2   | Reached skill level 8 in Axes
 16745 | Lair:2   | Found a staircase to the Shoals.
 16791 | Lair:2   | Found a transporter.
 16799 | Lair:2   | Noticed Suoleg's ghost (journeyman FoFi)
 16803 | Lair:2   | Found a transporter.
 17834 | Lair:3   | Reached skill level 9 in Axes
 18198 | Lair:3   | Noticed a four-headed hydra
 18212 | Lair:3   | Received a gift from Okawaru
 18343 | Lair:3   | Got a shimmering helmet {god gift}
 18349 | Lair:3   | Identified the +3 helmet "Cecit" {rElec MR+ rCorr} (Okawaru
                  | gifted it to you on level 3 of the Lair of Beasts)
 18862 | Lair:4   | Found a dark tunnel.
 18880 | Lair:4   | Reached skill level 10 in Axes
 19124 | Volcano  | Entered a volcano
 19606 | Volcano  | Found a bloodstained altar of Trog.
 19615 | Volcano  | Reached ****** piety under Okawaru
 19629 | Volcano  | Gained mutation: You are in touch with the powers of death.
                  | [Mummy growth]
 19629 | Volcano  | Reached XP level 13. HP: 87/101 MP: 16/16
 20028 | Lair:4   | Found a hole to the Spider Nest.
 20282 | Lair:4   | Reached skill level 11 in Axes
 21054 | Lair:5   | Found a frozen archway.
 21064 | Lair:5   | Received a gift from Okawaru
 21191 | IceCv    | Entered an ice cave
 21512 | IceCv    | Got masterwork ice dragon scales
 21513 | IceCv    | Identified the +1 ice dragon scales "Qoopp" {rPois rF-
                  | rC++} (You found it in an ice cave)
 21581 | Lair:5   | Paralysed by a floating eye for 2 turns
 21586 | Lair:5   | Paralysed by a floating eye for 2 turns
 21591 | Lair:5   | Paralysed by a floating eye for 2 turns
 21688 | Lair:5   | Noticed a cacodemon
 21704 | Lair:5   | Found a one-way gate to the infinite horrors of the Abyss.
 21763 | Lair:5   | Found a transporter.
 21774 | Lair:5   | Identified the +9 demon trident "Fuufi" {distort, *Noise
                  | +Fly rC+ Dex+5}
 21775 | Lair:5   | Noticed Graouh's ghost (journeyman MiFi)
 21792 | Lair:5   | Found a transporter.
 22087 | Lair:5   | Reached skill level 12 in Axes
 22438 | Lair:6   | Entered Level 6 of the Lair of Beasts
 22667 | Lair:6   | Received a gift from Okawaru
 22967 | Lair:6   | Found a staircase to the Slime Pits.
 22967 | Lair:6   | Found a viscous altar of Jiyva.
 23261 | Lair:6   | Reached XP level 14. HP: 107/109 MP: 17/17
 23295 | Lair:6   | Reached skill level 13 in Axes
 24000 | Lair:6   | Reached skill level 10 in Fighting
 24602 | Lair:6   | Found the +8 longbow "Zephyr" {speed, Dex+3 SInv}
 25154 | Lair:2   | Killed Suoleg's ghost
 25162 | Lair:2   | Got a translucent tin amulet
 25164 | Lair:2   | Got a flickering brass ring
 25167 | Lair:2   | Identified the amulet of the Two Names {Faith SInv Stlth+}
                  | (You found it on level 2 of the Lair of Beasts)
 25173 | Lair:2   | Identified the ring of Unuad {+Fly EV+4 Str+7 Int-3 Stlth+}
                  | (You found it on level 2 of the Lair of Beasts)
 25403 | Lair:1   | Killed Wiawib's ghost
 25816 | D:12     | Found a staircase to the Orcish Mines.
 26414 | Orc:1    | Entered Level 1 of the Orcish Mines
 26414 | Orc:1    | Noticed Harold
 26426 | Orc:1    | Killed Harold
 26440 | Orc:1    | Reached skill level 14 in Axes
 26515 | Orc:1    | Noticed Maurice
 26524 | Orc:1    | Banished Maurice
 26542 | Orc:1    | Found a roughly hewn altar of Beogh.
 27005 | Orc:2    | Entered Level 2 of the Orcish Mines
 27015 | Orc:2    | Found Usuagor's Antique Weapon Emporium.
 27267 | Orc:2    | Found a staircase to the Elven Halls.
 27270 | Orc:2    | Noticed a stone giant
 27392 | Orc:2    | Killed a stone giant
 27392 | Orc:2    | Received a gift from Okawaru
 28675 | Orc:2    | Found Egonlav's Distillery.
 28675 | Orc:2    | Found Counol's Assorted Antiques.
 28677 | Orc:2    | Found Doew's Book Shoppe.
 28679 | Orc:2    | Found Funeps's Magic Scroll Boutique.
 28691 | Orc:2    | Bought a scroll of acquirement for 676 gold pieces
 28692 | Orc:2    | Acquired a manual of Armour
 28698 | Orc:2    | Bought a pair of spiked boots for 266 gold pieces
 28698 | Orc:2    | Bought a scroll of teleportation for 84 gold pieces
 28708 | Orc:2    | Identified the cursed +0 pair of boots "Macuocve" {rN+
                  | Dex+4} (You bought it in a shop on level 2 of the Orcish
                  | Mines)
 28845 | D:13     | Reached skill level 10 in Armour
 28861 | D:13     | Noticed an orc warlord
 28873 | D:13     | Killed an orc warlord
 28895 | D:13     | Identified the ring of Gozag's Displeasure {rElec rF+
                  | Str+3}
 28895 | D:13     | Noticed a tengu reaver
 28914 | D:13     | Killed a tengu reaver
 28914 | D:13     | Received a gift from Okawaru
 28924 | D:13     | Got a twitching lead ring
 28933 | D:13     | Identified the ring of Eczaluiz {rF+ Stlth+} (You found it
                  | on level 13 of the Dungeon)
 28934 | D:13     | Identified the +7 hand axe of Tomorrow {elec, rPois Str+3
                  | Int+3} (You found it on level 13 of the Dungeon)
 29002 | D:13     | Found a flagged portal.
 29012 | Bailey   | Entered a bailey
 29228 | Bailey   | Identified the +6 scimitar of the Smoking Wasp {vorpal,
                  | rN++ Int-4 Dex+4}
 29255 | Bailey   | Identified the cursed +1 short sword "Gaxusam" {drain,
                  | +Blink rC+ Str-2}
 29762 | D:13     | Reached XP level 15. HP: 117/117 MP: 18/18
 30103 | D:13     | Noticed Sonja
 30161 | D:13     | Killed Sonja
 30259 | D:13     | Noticed Azrael
 30274 | D:13     | Killed Azrael
 30620 | D:14     | Found a gate to the Vaults.
 30620 | D:14     | Noticed Rupert
 30620 | D:14     | Noticed Nessos
 30620 | D:14     | Noticed Urug
 30657 | D:14     | Reached skill level 1 in Shields
 30979 | D:14     | Reached skill level 15 in Axes
 31004 | D:14     | Killed Nessos
 31004 | D:14     | Received a gift from Okawaru
 31007 | D:14     | Identified the +0 hand axe "Houzxos" {drain, rPois MR+}
                  | (Okawaru gifted it to you on level 14 of the Dungeon)
 31176 | D:14     | Killed Urug
 31358 | D:14     | Killed Rupert
 31656 | D:14     | Reached skill level 5 in Invocations
 32065 | D:15     | Entered Level 15 of the Dungeon
 32081 | D:15     | Received a gift from Okawaru
 32086 | D:15     | Got a masterwork executioner's axe {god gift}
 32089 | D:15     | Identified the +4 executioner's axe of the Jumping
                  | Butterfly {flame, +Fly Int+4 Dex+2} (Okawaru gifted it to
                  | you on level 15 of the Dungeon)
 32361 | D:15     | Found a shattered altar of Ashenzari.
 32502 | D:15     | Found a sacrificial altar of Ru.
 32669 | D:15     | Found the +8 Wrath of Trog {antimagic, *Rage}
 32757 | D:15     | Slain by a spriggan berserker

Illustrated notes

Levels and vault maps discovered:
D:1:      ldierk_walled_garden_2, layout_basic
D:2:      layout_rooms, minmay_misc_feat_ornament,
          wander_ebering_terrifying_dragon_lair
D:3:      layout_basic, nicolae_overflow_crystal_walls
D:4:      layout_rooms, dancing_weapons_uskayaw, minmay_temple_entry_trees
D:5:      layout_basic, nicolae_gozag_seed_capital,
          grunt_temple_overflow_diamond, uniq_pikel
D:6:      layout_basic, kiku_gazebo_pond_becter, lemuel_round_altar,
          kennysheep_mini_moat, nicolae_qazlal_eye_of_the_storm,
          kennysheep_generic_room_6, uniq_crazy_yiuf_cottage
D:7:      layout_basic, kennysheep_little_box, serial_shops, shop
D:8:      layout_loops_ring, makhleb_grotto_becter, dpeg_lair_monsters,
          nicolae_ossuary_entry_monument, cheibrodos_worm_habitat
D:9:      layout_loops_cross, overflow_temple_1_default, basic_altar
D:10:     layout_rooms
D:11:     layout_cave_pods, eino_small_chamber_without_monster
D:12:     layout_stronghold, zombieorc2_lemuel, nrook_pool_corridor,
          library_closet, kennysheep_dice
D:13:     layout_long_grid, enter_bailey_1, minmay_checkered_concentric_circles,
          uniq_azrael, uniq_sonja
D:14:     layout_roguey, david_vaults_3
D:15:     hangedman_depths_entry_try_elsewhere_first, layout_basic, basic_altar,
          lemuel_crystal_altar, minmay_guarded_unrand_wrath_of_trog
Temple:   corrupted_temple
Lair:1:   layout_gridlike, ebering_ghost_rock_garden,
          chequers_serial_rivers_small_b, chequers_serial_rivers_micro_c,
          infiniplex_staircase_pool, lemuel_fruit_tree
Lair:2:   layout_regular_city, minmay_shoals_entry_beasts,
          gammafunk_ghost_arena, nicolae_quartered_pool_medium,
          eino_small_chamber_without_monster
Lair:3:   layout_small_grid, beast_lair_carwin_8, grunt_megastairs_2
Lair:4:   layout_small_grid, spider_nest_entry_webs,
          nicolae_volcano_entry_two_sided
Lair:5:   layout_misc_corridors, gammafunk_ghost_abyssal_escape,
          portal_ice_cave_demonic_guard, disabler_island, serial_bayou_shore_b
Lair:6:   grunt_lair_end_beastmaster, layout_big_grid, slime_altar_1,
          grunt_forest_large_clearings, grunt_megastairs_4
Orc:1:    layout_caves, basic_altar, uniq_maurice, uniq_harold
Orc:2:    st_orc_rangers, layout_diamond_mine, serial_shops,
          nicolae_shop_behind_doors

Skill      XL: |  1  2  3  4  5  6  7  8  9 10 11 12 13 14 15 |
---------------+----------------------------------------------+-----
Fighting       | 3 5 6 7 8 9 10 | 10.7
Armour         | 2 3 5 6 7 9 10 | 10.7
Axes           | 1 2 3 4 5 7 10 12 14 15 | 15.4
Evocations     | 1 3 5 6 7 |  7.8
Staves         | 4 6 |  6.5
Invocations    | 1 3 4 5 |  5.2
Shields        | 2 |  2.1
Long Blades    | |  2.4
Bows           | |  1.0
Throwing       | |  1.7
Dodging        | |  1.0
Stealth        | |  0.1

Action                   |  1- 3 |  4- 6 |  7- 9 | 10-12 | 13-15 || total
-------------------------+-------+-------+-------+-------+-------++-------
Melee: Spear             |   180 |       |       |       |       ||   180
       Dagger            |     3 |   266 |   312 |       |       ||   581
       Quarterstaff      |       |       |   291 |   369 |       ||   660
       Broad axe         |       |       |       |   265 |   308 ||   573
       Battleaxe         |       |       |       |       |   582 ||   582
 Fire: Shortbow          |     3 |       |       |       |       ||     3
Throw: Javelin           |       |       |       |    28 |     6 ||    34
Invok: Heroism           |       |       |       |     5 |     1 ||     6
 Abil: Evoke Flight      |       |       |       |       |     1 ||     1
Evoke: Wand              |       |     3 |     8 |    37 |    18 ||    66
       Lightning rod     |       |       |       |       |     4 ||     4
       Phial of floods   |       |       |       |       |     1 ||     1
  Use: Scroll            |       |     8 |     7 |     8 |    22 ||    45
 Stab: Paralysed         |       |       |     2 |       |     4 ||     6
Armor: Ring mail         |    85 |    61 |       |    31 |     6 ||   183
       Scale mail        |       |    50 |   374 |   370 |   165 ||   959
       Chain mail        |       |       |       |       |   417 ||   417
Dodge: Dodged            |   116 |   132 |   327 |   454 |   585 ||  1614
Block: Buckler           |       |       |       |       |    46 ||    46
       Reflection        |       |       |       |       |     3 ||     3

Table legend: (Time is in decaauts)
 A = Elapsed time spent in this place.
 B = Non-inter-level travel time spent in this place.
 C = Inter-level travel time spent in this place.
 D = Time resting spent in this place.
 E = Time spent auto-exploring this place.
 F = Levels seen in this place.
 G = Mean time per level.
                   A        B        C        D        E       F      G
               +--------+--------+--------+--------+--------+-----+--------+
         Total |  32862 |  31403 |   1459 |   8049 |  16498 |  28 | 1173.6 |
       Dungeon |  18799 |  18144 |    655 |   4004 |  10169 |  15 | 1253.3 |
        Temple |     42 |     42 |      0 |      0 |     26 |   1 |   42.0 |
          Lair |   9589 |   8879 |    710 |   2150 |   5088 |   6 | 1598.2 |
  Orcish Mines |   2368 |   2274 |     94 |    969 |    849 |   2 | 1184.0 |
       Ossuary |    446 |    446 |      0 |      0 |    248 |   1 |  446.0 |
        Bailey |    481 |    481 |      0 |    191 |    118 |   1 |  481.0 |
      Ice Cave |    362 |    362 |      0 |    171 |      0 |   1 |  362.0 |
       Volcano |    771 |    771 |      0 |    563 |      0 |   1 |  771.0 |
               +--------+--------+--------+--------+--------+-----+--------+

Top non-repeatable levels by time:
  Lair:5: 1912 daAuts
  Lair:6: 1798 daAuts
     D:6: 1713 daAuts
    D:11: 1678 daAuts
  Lair:1: 1628 daAuts
  Lair:4: 1585 daAuts
     D:8: 1543 daAuts
     D:7: 1479 daAuts
  Lair:3: 1428 daAuts
    D:14: 1401 daAuts
    D:13: 1355 daAuts
     D:5: 1271 daAuts
     D:1: 1265 daAuts
   Orc:2: 1251 daAuts
  Lair:2: 1236 daAuts
